Map: Ley Lines

Players

Vaisravana

  • Race: Zerg Zerg
  • Spawn Location: 1:00

A.I. 1 (Very Easy) - Winner!

  • Race: Protoss Protoss
  • Spawn Location: 7:00

VOD

Have the link to the VOD?

Description

Time

  • Played on: May 30, 2025, 9:08 a.m.
  • Length: 5:53
Show
View Real Time Build Order
Export as new Build Order

Vaisravana Zerg 

Build Orders: Pool First 

Get SALT Encoding   

  12  0:00  Drone  
  13  0:12  Overlord  
  13  0:16  Drone  
  14  0:31  Drone x2  
  16  0:40  Spawning Pool  
  15  0:44  Drone  
  15  0:48  Drone  
  17  1:07  Hatchery  
  17  1:10  Drone  
  17  1:12  Extractor  
  16  1:27  Zergling x4  
  16  1:28  Zergling x2  
  19  1:33  Queen  
  19  1:39  Drone  
  22  1:50  Overlord  
  22  2:09  Drone  
  22  2:10  Queen  
  22  2:11  Drone  
  22  2:13  Metabolic Boost  
  26  2:19  Drone  
  26  2:22  Drone  
  28  2:31  Queen  
  31  2:37  Drone  
  31  2:41  Drone  
  32  2:47  Drone  
  32  2:51  Lair  
  33  2:53  Drone  
  34  2:58  Overlord  
  34  3:04  Drone  
  34  3:05  Extractor, Drone  
  35  3:13  Drone  
  35  3:17  Drone x4  
  40  3:26  Overlord  
  40  3:29  Drone x2  
  40  3:33  Spore Crawler  
  41  3:47  Drone x6  
  48  3:48  Zergling x2  
  48  3:53  Hydralisk Den  
  47  3:56  Drone  
  47  4:00  Drone  
  47  4:01  Drone x2  
  51  4:04  Drone  
  51  4:06  Extractor  
  51  4:17  Overlord x2  
  51  4:20  Drone  
  51  4:23  Overseer  
  52  4:29  Grooved Spines  
  52  4:30  Hatchery  
  51  4:34  Hydralisk x2  
  55  4:40  Hydralisk x2  
  55  4:44  Hydralisk  
  61  4:46  Hydralisk  
  61  4:51  Hydralisk  
  65  4:54  Overlord  
  65  4:56  Hydralisk  
  67  5:10  Overlord  
  67  5:12  Zergling x2  
  67  5:19  Hydralisk x2  
  67  5:20  Zergling x8  
  75  5:26  Overlord x2  
  75  5:32  Zergling x2  
  75  5:33  Zergling x8  
Show
View Real Time Build Order
Export as new Build Order

A.I. 1 (Very Easy) Protoss - Winner!

Build Orders:  

Get SALT Encoding   

  12  0:00  Probe  
  13  0:13  Probe  
  14  0:19  Pylon  
  14  0:36  Assimilator  
  14  0:43  Gateway  
  14  0:46  Pylon  
  14  1:13  Assimilator  
  14  1:17  Probe  
  15  1:26  Probe  
  16  1:33  Cybernetics Core  
  16  1:34  Probe  
  17  1:44  Probe  
  18  1:56  Probe  
  18  1:59  Warp Gate  
  19  2:04  Probe  
  20  2:08  Stalker  
  22  4:09  Probe  
  22  5:19  Zealot  
  22  5:20  Probe  
  25  5:33  Probe  
  25  5:34  Pylon  
  26  5:37  Robotics Facility  
Tags
 
Matchup
PvZ
Opening
Pool First
Spawn Locations
Cross Positions
Add a new tag
Caveats
  • Supply blocks, unpowered buildings, or Contaminate may cause inaccurate times.
  • Supply counts are checked every 10 seconds.